 Dungeon Crawl Stone Soup version 0.13.1-2-gfb2c2b7 (webtiles) character file.

135 Lilouch the Skirmisher (level 3, -14/28 HPs)
             Began as a Demonspawn Chaos Knight on Dec 11, 2013.
             Was a Plaything of Xom.
             Killed from afar by a kobold (37 damage)
             ... with an exploding inner flame
             ... hexed by Xom
             ... on Level 2 of the Dungeon.
             The game lasted 00:01:51 (1045 turns).

Lilouch the Skirmisher (Demonspawn Chaos Knight)    Turns: 1045, Time: 00:01:53

HP -14/28        AC  7     Str 13      XL: 3   Next: 55%
MP   3/3         EV 10     Int 13      God: Xom
Gold 85          SH  0     Dex 12      Spells:  0 memorised,  2 levels left

Res.Fire  : . . .   See Invis. : .   a - +0 spear (chaos) {=f}
Res.Cold  : . . .   Warding    : .   b - +2 leather armour
Life Prot.: . . .   Conserve   : .   (no shield)
Res.Poison: .       Res.Corr.  : .   (no helmet)
Res.Elec. : .       Clarity    : .   (no cloak)
Sust.Abil.: . .     Spirit.Shd : .   (no gloves)
Res.Mut.  : .       Stasis     : .   (no boots)
Res.Rott. : .       Flight     : .   (no amulet)
Saprovore : . . .                    (no ring)
                                     (no ring)

@: not resistant to hostile enchantments, very unstealthy
A: hooves 1, AC +2
a: Renounce Religion


You were on level 2 of the Dungeon.
You worshipped Xom.
You were a favourite toy of Xom.
You were not hungry.

You visited 1 branch of the dungeon, and saw 2 of its levels.

You collected 65 gold pieces.

Inventory:

Hand weapons
 a - a +0,+0 spear of chaos (weapon) {=f}
Armour
 b - a +2 leather armour (worn)
Magical devices
 l - a wand of magic darts (2)
Comestibles
 c - 3 bread rations
 m - 13 sultanas
Scrolls
 e - 2 scrolls of identify {unknown}
 g - 4 scrolls of remove curse {unknown}
 h - a scroll of curse armour {unknown}
 k - 5 scrolls of noise {unknown}
Jewellery
 i - an uncursed ring of positive energy {unknown}
Potions
 d - 2 potions of slowing {unknown}
 j - a potion of speed {unknown}
 n - a potion of restore abilities {unknown}
 o - a potion of agility {unknown}
 p - a potion of invisibility {unknown}


   Skills:
 + Level 3.6 Fighting
 + Level 3.3 Polearms
 + Level 2.2 Armour
 - Level 0.8 Dodging


You had 2 spell levels left.
You didn't know any spells.

Dungeon Overview and Level Annotations

Branches:
Dungeon (2/27)

Altars:


Innate Abilities, Weirdness & Mutations

You have large cloven feet.
You are partially covered in yellow scales (AC +2).


Message History

You are now a favourite toy of Xom.
Your transformation has ended.
Your +0,+0 spear of chaos {=f} unmelds from your body.
It is briefly surrounded by a scintillating aura of random colours.
Your +2 leather armour unmelds from your body.
Found a stone staircase leading down.
Attack whom?
Press: ? - help, Dir - move target cursor, f - kobold
Aim: a kobold (inner flame)
You reach to attack!
You hit the kobold but do no damage. You miss the kobold.
Your kick misses the kobold. The kobold barely misses you.
You hit the kobold.
The kobold suddenly stops moving!
The kobold is moderately wounded.
The helpless kobold fails to defend itself.
You hit the kobold. You freeze the kobold.
The kobold explodes!
The fiery explosion engulfs you!
Ouch! That really hurt!
You die...
Xom chortles!

##.## #...# ### #...# #..
# #...# # ##.#.#
#...#######.##.#.#
#................ .
#....###.#####.### ...
..........#.....§##......
............##..@§s......
..........#.##.#§##......
#....###.......#.# ...
#..............#.# >
#...####.##.#..#.# #...#
#.##......# #...##
#.##....### ......##.
###.## ......# .


You could see a giant mite.

Vanquished Creatures
  Jessica (D:2)
  A worm (D:2)
  An ooze (D:2)
  A bat (D:1)
  A giant cockroach (D:1)
  4 hobgoblins (D:1)
  5 kobolds
  2 giant newts (D:1)
  4 goblins
  6 rats (D:1)
26 creatures vanquished.

Notes
Turn   | Place    | Note
--------------------------------------------------------------
     0 | D:1      | Lilouch, the Demonspawn Chaos Knight, began the quest for the Orb.
     0 | D:1      | Reached XP level 1. HP: 16/16 MP: 1/1
   180 | D:1      | Gained mutation: You are partially covered in yellow scales (AC +2). [demonic ancestry]
   180 | D:1      | Reached XP level 2. HP: 22/22 MP: 2/2
   361 | D:1      | XOM: harmless Fire miscast
   417 | D:1      | XOM: harmless Fire miscast
   737 | D:2      | Noticed Jessica
   741 | D:2      | Killed Jessica
   741 | D:2      | Gained mutation: You have large cloven feet. [demonic ancestry]
   741 | D:2      | Reached XP level 3. HP: 24/28 MP: 3/3
   877 | D:2      | XOM: harmless Hex miscast
   941 | D:2      | XOM: cast spell 'Dragon Form'
  1040 | D:2      | XOM: inner flame monster(s)
  1045 | D:2      | Killed from afar by a kobold

Action                   || total
-------------------------++-------
Melee: Spear             ||    83
 Stab: Petrifying        ||     1
       Petrified         ||     1
       Paralysed         ||     1
